 Dungeon Crawl Stone Soup version 0.31.0-12-g77e489cdc1 (webtiles) character file.

Game seed: 4521359717889227504

2838 san475 the Severer (level 9, -7/71 HPs)
             Began as a Hill Orc Berserker on Jan 28, 2024.
             Was a High Priest of Trog.
             Mangled by a wyvern (11 damage)
             ... on level 8 of the Dungeon on Feb 17, 2024.
             The game lasted 00:20:52 (8059 turns).

san475 the Severer (Hill Orc Berserker)             Turns: 8059, Time: 00:20:53

Health: -7/71      AC: 14    Str: 24    XL:     9   Next: 74%
Magic:  9/9        EV:  6    Int: 13    God:    Trog [*****.]
Gold:   485        SH: 14    Dex: 16    Spells: 8/8 levels left

rFire   . . .        a - +0 hand axe
rCold   . . .        D - +0 tower shield
rNeg    . . .        g - +0 chain mail
rPois   .            s - +2 hat
rElec   .            (no cloak)
rCorr   .            n - +1 pair of gloves
SInv    .            l - +0 pair of boots
Will    .....        (no amulet) Stlth
                     j - +6 ring of dexterity
HPRegen 0.31/turn    G - +6 ring of intelligence
MPRegen 0.11/turn

%: no passive effects
@: on berserk cooldown, studying Maces & Flails
A: no striking features
a: Renounce Religion, Berserk, Trog's Hand, Brothers in Arms


You were on level 8 of the Dungeon.
You worshipped Trog.
Trog was extremely pleased with you.
You visited 1 branch of the dungeon, and saw 8 of its levels.
You also visited: Sewer.

You collected 485 gold pieces.

Inventory:

Hand Weapons
 a - a +0 hand axe (weapon)
 x - a +2 flail of holy wrath
Missiles
 A - 3 throwing nets (quivered)
Armour
 g - a +0 chain mail (worn)
 i - the +1 leather armour "Pitelide" {rElec rC+ SInv}
   (You found it on level 2 of the Dungeon)

   rC+:       It protects you from cold.
   rElec:     It insulates you from electricity.
   SInv:      It lets you see invisible.
 l - a +0 pair of boots (worn)
 n - a +1 pair of gloves (worn)
 s - a +2 hat (worn)
 D - a +0 tower shield (worn)
Jewellery
 j - a +6 ring of dexterity (left hand)
 t - an amulet of faith
 y - a ring of fire
 G - a +6 ring of intelligence (right hand)
 H - a ring of poison resistance
Wands
 w - a wand of iceblast (13)
 F - a wand of flame (12)
Scrolls
 b - 7 scrolls of identify {unknown}
 h - a scroll of enchant armour
 m - 3 scrolls of teleportation {unknown}
 o - a scroll of acquirement {unknown}
 u - 2 scrolls of blinking
 B - 2 scrolls of fear {unknown}
 E - a scroll of revelation
Potions
 c - 3 potions of mutation {unknown}
 d - 4 potions of curing {unknown}
 e - a potion of attraction {unknown}
 k - 6 potions of heal wounds {unknown}
 p - a potion of might {unknown}
 q - a potion of resistance {unknown}
 r - 2 potions of haste {unknown}
 v - 2 potions of invisibility {unknown}
 z - a potion of berserk rage {unknown}
 C - a potion of degeneration {unknown}
Miscellaneous
 f - a sack of spiders


   Skills:
 - Level 3.9 Fighting
 + Level 15.7 Axes
 - Level 2.2 Armour
 - Level 1.6 Dodging
 - Level 0.3 Stealth
 * Level 5.2 Shields


You had 8 spell levels left.
You didn't know any spells.
Your spell library was empty.

Dungeon Overview and Level Annotations

Branches:
Dungeon (8/15)              Sewer (visited)
 Temple: D:4-7         Lair: D:8-11

Altars:
Cheibriados
Dithmenos
Makhleb


Message History

You block the wyvern's attack.
You hit the wyvern.
The wyvern is severely wounded.
The wyvern barely misses you. You block the wyvern's attack.
You hit the wyvern but do no damage.
The wyvern is severely wounded.
The wyvern bites you.
You closely miss the wyvern.
The wyvern is severely wounded.
The wyvern bites you but does no damage.
You hit the wyvern.
The wyvern is severely wounded.
You block the wyvern's attack.
You closely miss the wyvern.
The wyvern is severely wounded.
The wyvern closely misses you. The wyvern bites you.
* * * LOW HITPOINT WARNING * * *
You hit the wyvern but do no damage.
The wyvern is severely wounded.
The wyvern bites you!
* * * LOW HITPOINT WARNING * * *
You hit the wyvern but do no damage.
The wyvern is severely wounded.
The wyvern bites you but does no damage.
You're still recovering from your berserk rage.
You hit the wyvern but do no damage.
The wyvern is severely wounded.
You block the wyvern's attack.
You hit the wyvern.
The wyvern is severely wounded.
You block the wyvern's attack.
You hit the wyvern.
The wyvern is severely wounded.
The wyvern bites you.
* * * LOW HITPOINT WARNING * * *
You block the wyvern's attack.
You barely miss the wyvern.
The wyvern is severely wounded.
The wyvern bites you!
You die...

#######.#
#@k......
#..)).....#
###########


You could see a wyvern.

Vanquished Creatures
  A komodo dragon (D:7)
  Sigmund (D:5)
  A wyvern (D:7)
  An ice beast (D:6)
  A phantom (D:6)
  6 bullfrogs
  A gnoll sergeant (D:3)
  A scorpion (D:4)
  3 howler monkeys (D:3)
  5 hounds
  A jelly (D:7)
  4 bombardier beetles
  2 gnoll boudas (D:4)
  3 orc priests
  Crazy Yiuf (D:5)
  11 orc wizards
  A sleepcap (D:5)
  4 iguanas
  6 adders
  30 gnolls
  A white imp (D:7)
  2 ufetubi (D:6)
  6 dart slugs
  4 ribbon worms
  41 orcs
  20 endoplasms
  17 giant cockroaches
  5 goblins
  3 hobgoblins
  20 jackals
  5 quokkas
  18 ball pythons
  A bat (D:1)
  10 frilled lizards
  5 kobolds
  A rat (D:3)
243 creatures vanquished.

Notes
Turn   | Place    | Note
-------+----------+-------------------------------------------
     0 | D:1      | san475 the Hill Orc Berserker began the quest for the Orb.
     0 | D:1      | Reached XP level 1. HP: 19/19 MP: 1/1
   105 | D:1      | Reached XP level 2. HP: 18/27 MP: 2/2
   429 | D:1      | Reached skill level 5 in Axes
   438 | D:1      | Reached XP level 3. HP: 22/33 MP: 3/3
   741 | D:1      | Found a faded altar of an unknown god.
   891 | D:2      | Identified the +1 leather armour "Pitelide" {rElec rC+
                  | SInv}
  1557 | D:3      | Reached ** piety under Trog
  1677 | D:3      | Reached XP level 4. HP: 33/40 MP: 4/4
  1774 | D:3      | Reached skill level 6 in Axes
  2084 | D:3      | Noticed a gnoll sergeant
  2091 | D:3      | Reached XP level 5. HP: 46/46 MP: 5/5
  2093 | D:3      | Reached skill level 7 in Axes
  2104 | D:3      | Reached skill level 8 in Axes
  2106 | D:3      | Reached XP level 6. HP: 13/52 MP: 6/6
  2677 | D:3      | Reached *** piety under Trog
  2678 | D:3      | Reached skill level 9 in Axes
  2940 | D:3      | Reached XP level 7. HP: 50/58 MP: 7/7
  2951 | D:3      | Reached skill level 10 in Axes
  3418 | D:4      | Found a glowing drain.
  3436 | Sewer    | Entered a sewer
  3536 | Sewer    | Reached **** piety under Trog
  3900 | Sewer    | Reached skill level 11 in Axes
  4027 | D:4      | Found a burning altar of Makhleb.
  4126 | D:4      | Found a shadowy altar of Dithmenos.
  4309 | D:4      | Reached XP level 8. HP: 62/66 MP: 8/8
  4317 | D:4      | Reached skill level 12 in Axes
  4950 | D:4      | Reached ***** piety under Trog
  4964 | D:4      | Reached skill level 13 in Axes
  5205 | D:5      | Entered Level 5 of the Dungeon
  5206 | D:5      | Upgraded the game from 0.31.0-11-ge490571c62 to
                  | 0.31.0-12-g77e489cdc1
  5431 | D:5      | Noticed Sigmund
  5660 | D:5      | Killed Sigmund
  5661 | D:5      | Reached skill level 1 in Shields
  5783 | D:5      | Reached skill level 14 in Axes
  5857 | D:5      | Found a runed translucent door.
  5858 | D:5      | Noticed Crazy Yiuf
  5944 | D:5      | Killed Crazy Yiuf
  6404 | D:6      | Reached XP level 9. HP: 71/71 MP: 9/9
  7085 | D:6      | Reached skill level 15 in Axes
  7464 | D:6      | Found a snail-covered altar of Cheibriados.
  8004 | D:7      | Noticed a komodo dragon
  8014 | D:7      | Killed a komodo dragon
  8015 | D:7      | Reached skill level 5 in Shields
  8059 | D:8      | Mangled by a wyvern

Illustrated notes

Levels and vault maps discovered:
D:1:      nzn_arrival_depleted_hourglass, layout_basic,
          shapermc_ecumenical_altar_notcrosses
D:2:      layout_loops_ring
D:3:      lemuel_castle_with_subvaults [lemuel_castle_interior_original],
          layout_basic
D:4:      cheibrodos_quashed, layout_gridville,
          grunt_dithmenos_smoke_and_mirrors, lightli_temple_of_fire,
          portal_sewer_entry_f, nicolae_ossuary_entry_monument,
          kennysheep_generic_room_15
D:5:      layout_loops_ring, uniq_crazy_yiuf_cottage, uniq_sigmund
D:6:      layout_basic, slow_altar_2, nicolae_overflow_hidden_temple
D:7:      layout_rooms, temple_statues
D:8:      layout_basic, mainiacjoe_overflow_tiny_flanked, uniq_maurice,
          uniq_joseph

Skill      XL: |  1  2  3  4  5  6  7  8  9 |
---------------+----------------------------+-----
Axes           | 5 6 8 9 11 14 15 | 15.7
Shields        | 1 5 |  5.2
Fighting       | |  3.9
Armour         | |  2.2
Dodging        | |  1.6
Stealth        | |  0.3

Action                     |  1- 3 |  4- 6 |  7- 9 || total
---------------------------+-------+-------+-------++-------
  Melee: Hand axe          |    89 |   159 |   634 ||   882
         Punch             |       |     1 |     5 ||     6
 Invoke: Berserk           |       |     3 |    11 ||    14
         Trog's Hand       |       |     1 |       ||     1
    Use: Scroll            |       |       |     2 ||     2
   Stab: Sleeping          |     1 |       |       ||     1
 Armour: Animal skin       |    30 |       |       ||    30
         Chain mail        |    33 |   162 |   468 ||   663
  Dodge: Dodged            |    49 |    78 |   220 ||   347
  Block: Tower shield      |       |       |   108 ||   108
